 Dungeon Crawl Stone Soup version 0.27-a0-96-gb51a1d6fd6 (webtiles) character file.

Game seed: 12195064925611165332

19 kae the Skirmisher (level 2, -2/36 HPs)
             Began as a Demonspawn Monk on Jan 19, 2021.
             Killed from afar by a dart slug (4 damage)
             ... with a slug dart
             ... on level 1 of the Dungeon.
             The game lasted 00:00:26 (425 turns).

kae the Skirmisher (Demonspawn Monk)                 Turns: 425, Time: 00:00:27

Health: -2/36      AC:  2    Str: 11    XL:     2   Next: 55%
Magic:  2/2        EV: 13    Int: 11    God:
Gold:   22         SH:  0    Dex: 15    Spells: 1/1 levels left

rFire    . . .     SeeInvis .     - Unarmed
rCold    . . .     Faith    .   (no shield)
rNeg     . . .     Spirit   .   a - +0 robe
rPois    .         Reflect  .   (no helmet)
rElec    .         Harm     .   (no cloak)
rCorr    .         Rampage  .   (no gloves)
Will     .....                  (no boots)
Stlth    ..........             (no amulet)
HPRegen  0.12/turn              (no ring)
MPRegen  0.08/turn              (no ring)

@: brilliant, berserking, very quick
A: powered by pain 1
a: no special abilities


You were on level 1 of the Dungeon.
You visited 1 branch of the dungeon, and saw 1 of its levels.

You collected 22 gold pieces.

Inventory:

Armour
 a - a +0 robe (worn)
Scrolls
 b - a scroll of identify {unknown}
 c - a scroll of amnesia {unknown}


   Skills:
 + Level 3.2 Fighting
 + Level 2.9 Dodging
 - Level 1.7 Stealth
 * Level 3.2 Unarmed Combat


You had one spell level left.
You didn't know any spells.
Your spell library was empty.

Dungeon Overview and Level Annotations

Branches:
Dungeon (1/15)

Altars:


Innate Abilities, Weirdness & Mutations

You sometimes gain a little power by taking damage.


Message History

* * * LOW HITPOINT WARNING * * *
The dart slug launches a dart at you. The slug dart misses you.
You see here a metallic inky potion.
It was a potion of berserk rage.
A red film seems to cover your vision as you go berserk!
You feel yourself moving faster!
You feel mighty! The jackal misses you.
The jackal bites you but does no damage.
You punch the jackal!
You kill the jackal!
The jackal barely misses you. The kobold hits you.
* * * LOW HITPOINT WARNING * * *
You punch the jackal!
You kill the jackal!
The kobold closely misses you.
You punch the kobold!
You kill the kobold!
The dart slug launches a dart at you. The slug dart hits you.
You die...

# .....................#
#...................#
####[.............######
#.......#.......###
#.....#.........#
##....##...†w...##
#...........†....##
..................#
########........@.#
#######†......†.#
.......................
...............!#......
.......................
......#...(.....#......
.....$#.........#......
......#.........# #####
......#.........#


You could see a dart slug.

Vanquished Creatures
  A dart slug (D:1)
  A ball python (D:1)
  2 bats (D:1)
  2 goblins (D:1)
  A hobgoblin (D:1)
  2 jackals (D:1)
  2 kobolds (D:1)
  3 frilled lizards (D:1)
  2 rats (D:1)
16 creatures vanquished.

Notes
Turn   | Place    | Note
-------+----------+-------------------------------------------
     0 | D:1      | kae the Demonspawn Monk began the quest for the Orb.
     0 | D:1      | Reached XP level 1. HP: 18/18 MP: 1/1
   358 | D:1      | Gained mutation: You sometimes gain a little power by
                  | taking damage. [demonic ancestry]
   358 | D:1      | Reached XP level 2. HP: 24/24 MP: 2/2
   422 | D:1      | HP: 1/36 [kobold (2)]
   425 | D:1      | Killed from afar by a dart slug

Illustrated notes

Levels and vault maps discovered:
D:1:      noname_arrival_rooms_in_the_neighbourhood, layout_rooms

Skill      XL: |  1 |
---------------+----+-----
Unarmed Combat | 3 |  3.2
Fighting       | |  3.2
Dodging        | |  2.9
Stealth        | |  1.7

Action                   || total
-------------------------++-------
Melee: Unarmed           ||    51
       Punch             ||     1
  Use: Potion            ||     2
 Stab: Sleeping          ||     3
Armor: Robe              ||    21
Dodge: Dodged            ||    59

Table legend: (Time is in decaauts)
 A = Elapsed time spent in this place.
 B = Non-inter-level travel time spent in this place.
 C = Inter-level travel time spent in this place.
 D = Time resting spent in this place.
 E = Time spent auto-exploring this place.
 F = Levels seen in this place.
 G = Mean time per level.
                   A        B        C        D        E       F      G
               +--------+--------+--------+--------+--------+-----+--------+
         Total |    421 |    421 |      0 |    128 |    181 |   1 |  421.0 |
       Dungeon |    421 |    421 |      0 |    128 |    181 |   1 |  421.0 |
               +--------+--------+--------+--------+--------+-----+--------+

Top non-repeatable levels by time:
     D:1: 421 daAuts
